 Dungeon Crawl Stone Soup version 0.20-a0-522-g0b37eee (webtiles) character file.

392 Lahna the Poker (level 6, -2/49 HPs)
             Began as a Merfolk Gladiator on Jan 26, 2017.
             Slain by a slave (7 damage)
             ... led by Pikel
             ... on level 5 of the Dungeon.
             The game lasted 00:11:24 (4878 turns).

Lahna the Poker (Merfolk Gladiator)                 Turns: 4878, Time: 00:11:25

Health: -2/49      AC:  6    Str: 14    XL:     6   Next: 80%
Magic:  6/6        EV: 15    Int:  9    God:
Gold:   288        SH:  0    Dex: 18    Spells: 5/5 levels left

rFire    x . .     SeeInvis +   a - +0 trident
rCold    + . .     Gourm    .   i - +0 ring mail
rNeg     . . .     Faith    .   (no shield)
rPois    .         Spirit   .   r - +0 helmet
rElec    +         Reflect  .   (no cloak)
rCorr    .         Harm     .   (no gloves)
MR       .....                  (no boots)
Stlth    +.........             s - amulet of Suspected Treachery {+Rage rElec rF- Int+2 SInv}
Regen    0.2/turn               (no ring)
                                k - ring of protection from cold

@: no status effects
A: change form in water, swift swim, stealthy swim
a: Evoke Berserk Rage


You were on level 5 of the Dungeon.
You were very hungry.

You visited 1 branch of the dungeon, and saw 5 of its levels.

You collected 288 gold pieces.

Inventory:

Hand Weapons
 a - a +0 trident (weapon)
Missiles
 d - a throwing net (quivered)
Armour
 i - a +0 ring mail (worn)
 r - a +0 helmet (worn)
Jewellery
 k - a ring of protection from cold (left hand)
 s - the amulet of Suspected Treachery (around neck) {+Rage rElec rF- Int+2 SInv}
   (You found it on level 4 of the Dungeon)

   [amulet of rage]

   It affects your intelligence (+2).
   It makes you vulnerable to fire.
   It insulates you from electricity.
   It lets you see invisible.
   It lets you go berserk.
Wands
 c - a wand of lightning (10/15)
Scrolls
 e - a scroll of teleportation {unknown}
 g - 5 scrolls of remove curse {unknown}
 h - 2 scrolls of magic mapping {unknown}
 j - 5 scrolls of identify
 l - a scroll of enchant weapon {unknown}
 o - 2 scrolls of enchant armour {unknown}
 p - a scroll of amnesia {unknown}
Potions
 m - a potion of magic
 n - a potion of heal wounds {unknown}
 q - a potion of lignification {unknown}
 u - a potion of curing {unknown}
Comestibles
 b - 2 meat rations
 f - 4 bread rations
 t - a royal jelly


   Skills:
 + Level 4.5 Fighting
 + Level 7.0 Polearms
 - Level 2.0 Throwing
 + Level 1.0 Armour
 + Level 6.4 Dodging


You had 5 spell levels left.
You didn't know any spells.

Dungeon Overview and Level Annotations

Branches:
Dungeon (5/15)
 Temple: D:4-7

Altars:
Dithmenos
Nemelex Xobeh
Trog
Yredelemnul

Annotations:
D:5 Pikel


Message History

* * * LOW HITPOINT WARNING * * *
You hit the slave.
The slave is moderately wounded.
The slave barely misses you.
You closely miss the slave.
The slave is lightly wounded.
The slave barely misses you.
You puncture the slave!
The slave is heavily wounded.
The slave hits you.
* * * LOW HITPOINT WARNING * * *
You hit the slave.
The slave is heavily wounded.
You barely miss the slave.
The slave is heavily wounded.
The slave completely misses you.
You hit the slave but do no damage.
The slave is heavily wounded.
The slave hits you!
You die...

.. ..#######... #.......
Y# .....##..### #.p.....
5# #........# #....... ##
######........# #...p.. #
#....[........# #.....
####.####........# #...
.....# #........### #...
######
#......p...###########...
#.......@#.....pp........
#........#############...
#........# ##..
########## ##. ##


You could see a slave.

Vanquished Creatures
  3 slaves (D:5)
  A centaur zombie (D:5)
  A crimson imp (D:5)
  An orc priest (D:3)
  An orc wizard (D:4)
  Ijyb (D:2)
  2 worker ants (D:4)
  5 gnolls
  7 adders
  A worm (D:2)
  3 dart slugs
  2 leopard geckos
  5 orcs
  3 giant cockroaches
  5 goblins
  8 hobgoblins
  10 kobolds
  3 ball pythons
  8 bats
  5 frilled lizards
  A quokka skeleton (D:4)
  10 rats
86 creatures vanquished.

Notes
Turn   | Place    | Note
-------+----------+-------------------------------------------
     0 | D:1      | Lahna the Merfolk Gladiator began the quest for the Orb.
     0 | D:1      | Reached XP level 1. HP: 16/16 MP: 1/1
   345 | D:1      | Reached XP level 2. HP: 23/23 MP: 2/2
   671 | D:1      | Reached XP level 3. HP: 15/28 MP: 3/3
  1208 | D:2      | Reached skill level 5 in Dodging
  1262 | D:2      | Reached skill level 5 in Polearms
  1565 | D:2      | Found a bloodstained altar of Trog.
  1565 | D:2      | Noticed Ijyb
  1577 | D:2      | Killed Ijyb
  1577 | D:2      | Reached XP level 4. HP: 20/35 MP: 4/4
  2345 | D:2      | Found a basalt altar of Yredelemnul.
  2357 | D:2      | Reached XP level 5. HP: 29/41 MP: 5/5
  2776 | D:3      | Reached skill level 6 in Polearms
  3177 | D:3      | Found a shadowy altar of Dithmenos.
  3451 | D:3      | Reached XP level 6. HP: 48/48 MP: 6/6
  3644 | D:4      | Got a coiled bone amulet
  3645 | D:4      | Identified the amulet of Suspected Treachery {+Rage rElec rF- Int+2 SInv} (You found it on level 4 of the Dungeon)
  3878 | D:4      | Found a bloodstained altar of Trog.
  4010 | D:4      | Found a sparkling altar of Nemelex Xobeh.
  4246 | D:5      | Entered Level 5 of the Dungeon
  4270 | D:5      | Noticed a yak
  4270 | D:5      | Noticed a yak
  4274 | D:5      | Noticed a yak
  4280 | D:5      | Noticed a yak
  4643 | D:5      | Noticed a slave
  4644 | D:5      | Noticed a slave
  4644 | D:5      | Noticed a slave
  4645 | D:5      | Noticed Pikel
  4689 | D:5      | Killed a slave
  4699 | D:5      | Killed a slave
  4709 | D:5      | Killed a slave
  4838 | D:5      | Reached skill level 7 in Polearms
  4838 | D:5      | Reached skill level 1 in Armour
  4862 | D:5      | Noticed a slave
  4878 | D:5      | Slain by a slave

Vault maps used:
D:1:      dpeg_arrival_line_fractal
D:2:      old_standard_altar, trog_three_pillars_becter, uniq_iyjb
D:3:      minmay_misc_feat_room, nicolae_dithmenos_through_a_glass_darkly
D:4:      overflow_temple_1_default, nemelex_xobeh_ov_fountains_minmay
D:5:      minmay_temple_entry_fiery, first_bread, uniq_blork_the_orc, uniq_pikel

Skill      XL: |  1  2  3  4  5  6 |
---------------+-------------------+-----
Dodging        | 5 6 |  6.4
Polearms       | 5 6 7 |  7.0
Fighting       | 3 4 |  4.5
Armour         | 1 |  1.0
Throwing       | |  2.0

Action                   |  1- 3 |  4- 6 || total
-------------------------+-------+-------++-------
Melee: Trident           |   123 |   348 ||   471
Throw: Throwing net      |       |     3 ||     3
  Use: Scroll            |       |     1 ||     1
 Stab: Sleeping          |     2 |     1 ||     3
  Eat: Chunk             |     2 |    10 ||    12
Armor: Leather armour    |    19 |    14 ||    33
       Ring mail         |       |    35 ||    35
Dodge: Dodged            |    58 |   188 ||   246
